 Dungeon Crawl Stone Soup version 0.31-a0-963-ga325b2283a (webtiles) character file.

Game seed: 17252973572437357591

785 IdlyInterested the Cutter (level 7, -12/56 HPs)
             Began as a Demonspawn Gladiator on Oct 24, 2023.
             Mangled by an ogre
             ... wielding a +0 giant spiked club
              (37 damage)
             ... on level 5 of the Dungeon.
             The game lasted 00:15:14 (4286 turns).

IdlyInterested the Cutter (Demonspawn Gladiator)    Turns: 4286, Time: 00:15:14

Health: -12/56     AC:  6    Str: 19    XL:     7   Next: 56%
Magic:  7/7        EV: 12    Int:  9    God:
Gold:   169        SH:  0    Dex: 17    Spells: 6/6 levels left

rFire   . . .        m - +10 mace "Woliuz" {freeze, Str+5}
rCold   . . .        (no shield)
rNeg    . . .        c - +1 ring mail
rPois   .            (helmet restricted)
rElec   .            (no cloak)
rCorr   .            (no gloves)
SInv    .            (no boots)
Will    .....        (no amulet)
Stlth   +            (no ring)
HPRegen 0.29/turn    (no ring)
MPRegen 0.20/turn

%: no passive effects
@: no status effects
A: antennae 1, hooves 1, powered by death 1, magic regeneration, demonic touch 1
a: no special abilities


You were on level 5 of the Dungeon.
You visited 2 branches of the dungeon, and saw 6 of its levels.

You collected 169 gold pieces.

Inventory:

Hand Weapons
 a - a +0 rapier
 b - a +0 dagger of speed
 j - a +2 dagger of venom
 m - the +10 mace "Woliuz" (weapon) {freeze, Str+5}
   (You found it on level 2 of the Dungeon)

   Str+5:     It affects your strength (+5).
 s - a +0 dagger of flaming
 y - a +3 dagger
Missiles
 d - 3 throwing nets
 e - a javelin
 f - 68 stones (quivered)
 w - 3 poisoned darts
 x - 4 boomerangs
 A - 6 silver javelins
Armour
 c - a +1 ring mail (worn)
 n - a +0 chain mail
Magical Staves
 t - a staff of air
Jewellery
 i - a ring of wizardry
Talismans
 o - a serpent talisman
Scrolls
 h - a scroll of fog {unknown}
 k - a scroll of enchant armour
 l - a scroll of immolation
 p - 2 scrolls of revelation
 u - 2 scrolls of poison
 v - a scroll of enchant weapon
 B - a scroll of silence {unknown}
 C - a scroll of amnesia {unknown}
Potions
 g - a potion of attraction
 q - a potion of mutation
 r - a potion of enlightenment {unknown}
 z - a potion of cancellation {unknown}


   Skills:
 - Level 5.0 Fighting
 * Level 5.0 Short Blades
 - Level 2.0 Throwing
 - Level 1.0 Armour
 - Level 4.0 Dodging
 - Level 1.0 Stealth
 + Level 2.9 Unarmed Combat
 - Level 1.0 Evocations


You had 6 spell levels left.
You didn't know any spells.
Your spell library contained the following spells:

 Spells                   Type           Power      Damage    Failure   Level
 Sandblast                Erth           0%         2d4       56%         1
 Blink                    Tloc           0%         N/A       71%         2
 Lesser Beckoning         Tloc           0%         N/A       71%         2
 Momentum Strike          Conj/Tloc      0%         3d8       71%         2
 Ozocubu's Armour         Ice            0%         N/A       91%         3
 Leda's Liquefaction      Hex/Erth       0%         N/A       100%        4
 Bombard                  Conj/Erth      0%         9d1       100%        6
 Ozocubu's Refrigeration  Ice            0%         4d7       100%        7
 Shatter                  Erth           0%         3d5*      100%        9


Dungeon Overview and Level Annotations

Branches:
Dungeon (5/15)             Temple (1/1) D:4

Altars:
Ashenzari
Cheibriados
Dithmenos
Fedhas
Gozag
Kikubaaqudgha
Makhleb
Nemelex Xobeh
Okawaru
Ru
Sif Muna
Uskayaw
Vehumet
Wu Jian
Xom
Yredelemnul


Innate Abilities, Weirdness & Mutations

You have a pair of small antennae on your head.
You have large cloven feet.
You regenerate a little health from kills.
You regenerate magic rapidly.
Your touch may inflict minor irresistible damage on your foes.


Message History

C - a scroll labelled PUMURECH UDEU
There is a stone staircase leading up here.
You climb upwards.
There is a stone staircase leading down here.
There is a staircase to the Ecumenical Temple here.
There is an escape hatch in the floor here.
You slide downwards.
The hatch slams shut behind you.
The ogre shouts!
The ufetubus shouts!
You hear a shout!
Found 11 gold pieces.
Found a stone staircase leading down.
The hound barks!
The hound bites you.
You miss the hound. Your kick misses the hound. Your touch misses the hound.
The hound barely misses you.
An ufetubus comes into view.
The hound barely misses you.
You closely miss the hound. Your touch misses the hound.
The hound closely misses you. The hound misses you. The ogre barely misses you.
The hound bites you but does no damage.
You hit the ogre. You freeze the ogre. Your kick misses the ogre.
The ogre is lightly wounded.
The hound barely misses you. The ufetubus closely misses you.
The ufetubus barely misses you.
The ogre hits you with a +0 giant spiked club!!
The ufetubus hits you. x2; The hound bites you.
You hit the ogre. You freeze the ogre.
The ogre is moderately wounded.
The hound bites you. The ufetubus misses you. The ufetubus barely misses you.
The ogre barely misses you. The hound barely misses you.
The ufetubus barely misses you. x2
The ufetubus hits you but does no damage.
The ufetubus barely misses you.
You barely miss the ogre.
You touch the ogre!
The ogre is severely wounded.
The hound barely misses you.
The ufetubus hits you but does no damage.
The ufetubus misses you. The ufetubus closely misses you.
The ufetubus hits you but does no damage.
The ogre hits you with a +0 giant spiked club!!!
Ouch! That really hurt!
You die...

#........... ##.........
#........... #..........
#...........##..........
#.......................
........................
.........####...$.......
........## #...>........
........# #....55......
###....## #....@......#
#....# #...Oh.....##
#...## #...........#
##..# #........##...
#### #......### ##
#.....### ...### .##


You could see an ogre, a hound and 2 ufetubi.

Vanquished Creatures
  Sigmund (D:5)
  Menkaure (D:4)
  A hound (D:4)
  A jelly (D:4)
  An iguana (D:4)
  Natasha (thrice) (D:3)
  8 orc wizards (D:4)
  3 gnolls (D:2)
  2 adders (D:2)
  2 worms (D:2)
  2 dart slugs
  8 orcs (D:4)
  9 ball pythons
  11 endoplasms
  3 giant cockroaches
  9 goblins
  5 hobgoblins
  3 jackals
  3 quokkas
  6 bats
  4 frilled lizards
  6 kobolds
  8 rats
100 creatures vanquished.

Notes
Turn   | Place    | Note
-------+----------+-------------------------------------------
     0 | D:1      | IdlyInterested the Demonspawn Gladiator began the quest for
                  | the Orb.
     0 | D:1      | Reached XP level 1. HP: 16/16 MP: 1/1
     9 | D:1      | Got the Anthology of the Foremost Ultimatums
   185 | D:1      | Discovered your monstrous ancestry.
   185 | D:1      | Gained mutation: You have large cloven feet. [demonic
                  | ancestry]
   185 | D:1      | Reached XP level 2. HP: 17/22 MP: 2/2
   325 | D:1      | Reached skill level 1 in Armour
   886 | D:1      | Gained mutation: Your touch may inflict minor irresistible
                  | damage on your foes. [demonic ancestry]
   886 | D:1      | Reached XP level 3. HP: 28/28 MP: 3/3
  1251 | D:2      | Identified the +10 mace "Woliuz" {freeze, Str+5}
  1414 | D:2      | Reached skill level 1 in Stealth
  1519 | D:2      | Gained mutation: You have a pair of small antennae on your
                  | head. [demonic ancestry]
  1519 | D:2      | Reached XP level 4. HP: 30/35 MP: 4/4
  1520 | D:2      | Reached skill level 1 in Evocations
  1537 | D:2      | Found a faded altar of an unknown god.
  2533 | D:3      | Noticed Natasha
  2538 | D:3      | Killed Natasha
  2539 | D:3      | Reached skill level 1 in Unarmed Combat
  2539 | D:3      | Gained mutation: You regenerate a little health from kills.
                  | [demonic ancestry]
  2539 | D:3      | Reached XP level 5. HP: 41/41 MP: 5/5
  2610 | D:3      | Noticed Natasha
  2624 | D:3      | Killed Natasha
  2667 | D:3      | Noticed Natasha
  2675 | D:3      | Killed Natasha
  3073 | D:4      | Found a staircase to the Ecumenical Temple.
  3083 | Temple   | Found a transporter.
  3083 | Temple   | Found a transporter.
  3083 | Temple   | Found a transporter.
  3083 | Temple   | Found a transporter.
  3083 | Temple   | Entered the Ecumenical Temple
  3171 | D:4      | Gained mutation: You regenerate magic rapidly. [demonic
                  | ancestry]
  3171 | D:4      | Reached XP level 6. HP: 37/48 MP: 6/6
  3183 | D:4      | HP: 2/48 [something/magic dart (5)]
  3403 | D:4      | Noticed Menkaure
  3409 | D:4      | Killed Menkaure
  3410 | D:4      | Reached skill level 5 in Short Blades
  3410 | D:4      | Reached XP level 7. HP: 28/54 MP: 7/7
  4202 | D:5      | Entered Level 5 of the Dungeon
  4202 | D:5      | Noticed Sigmund
  4207 | D:5      | Killed Sigmund
  4208 | D:5      | Reached skill level 5 in Fighting
  4286 | D:5      | Mangled by an ogre

Illustrated notes

Levels and vault maps discovered:
D:1:      scummos_arrival_simple_fountains, layout_basic, grunt_decor_resistance
D:2:      minmay_spotlight, layout_loops_ring,
          shapermc_ecumenical_altar_acropolis
D:3:      layout_loops_cross, uniq_natasha
D:4:      layout_loops_corners, minmay_temple_entry_overgrown,
          serial_bayou_pond_e, minmay_a_box_with_orc_wizards_in_it,
          uniq_menkaure
D:5:      layout_cave_pods, uniq_edmund, uniq_sigmund, uniq_blork_the_orc
Temple:   hellmonk_temple_divided_pantheon

Skill      XL: |  1  2  3  4  5  6  7 |
---------------+----------------------+-----
Short Blades   | 3 4 5 |  5.0
Armour         | 1 |  1.0
Fighting       | 3 4 5 |  5.0
Stealth        | 1 |  1.0
Evocations     | 1 |  1.0
Unarmed Combat | 1 2 |  2.9
Throwing       | 2 |  2.0
Dodging        | 3 4 |  4.0

Action                     |  1- 3 |  4- 6 |  7- 9 || total
---------------------------+-------+-------+-------++-------
  Melee: Rapier            |    41 |       |       ||    41
         Dagger            |    40 |       |       ||    40
         Kick              |    12 |    15 |     6 ||    33
         Mace              |    17 |    75 |    30 ||   122
         Touch             |     2 |     3 |     4 ||     9
         Punch             |       |     2 |       ||     2
  Throw: Stone             |       |     1 |       ||     1
    Use: Scroll            |       |     7 |     1 ||     8
         Potion            |       |     4 |       ||     4
   Stab: Sleeping          |     3 |     2 |       ||     5
         Distracted        |       |     1 |       ||     1
 Armour: Leather armour    |    38 |     8 |       ||    46
         Ring mail         |       |    72 |    20 ||    92
  Dodge: Dodged            |    52 |    42 |    37 ||   131

Table legend: (Time is in decaauts)
 A = Elapsed time spent in this place.
 B = Non-inter-level travel time spent in this place.
 C = Inter-level travel time spent in this place.
 D = Time resting spent in this place.
 E = Time spent auto-exploring this place.
 F = Levels seen in this place.
 G = Mean time per level.
                   A        B        C        D        E       F      G
               +--------+--------+--------+--------+--------+-----+--------+
         Total |   4332 |   3731 |    601 |    278 |   2480 |   6 |  722.0 |
       Dungeon |   4297 |   3703 |    594 |    278 |   2480 |   5 |  859.4 |
        Temple |     34 |     27 |      7 |      0 |      0 |   1 |   34.0 |
               +--------+--------+--------+--------+--------+-----+--------+

Top non-repeatable levels by time:
     D:4: 1307 daAuts
     D:1: 1155 daAuts
     D:2: 922 daAuts
     D:3: 873 daAuts
     D:5: 37 daAuts
  Temple: 34 daAuts
